 Dungeon Crawl Stone Soup version 0.29.1-12-g30fa7ad0bf (webtiles) character file.

Game seed: 10505705315519821146

180 Peloso the Trooper (level 5, 0/47 HPs)
             Began as a Minotaur Fighter on Dec 26, 2022.
             Constricted to death by Ijyb (4 damage)
             ... on level 3 of the Dungeon.
             The game lasted 00:06:05 (2759 turns).

Peloso the Trooper (Minotaur Fighter)               Turns: 2759, Time: 00:06:07

Health: 0/47       AC:  9    Str: 20    XL:     5   Next: 33%
Magic:  4/4        EV:  4    Int:  5    God:
Gold:   156        SH:  5    Dex: 12    Spells: 4/4 levels left

rFire   . . .      SeeInvis .   a - +1 long sword
rCold   . . .      Faith    .   d - +0 buckler
rNeg    . . .      Spirit   .   c - +0 chain mail
rPois   .          Reflect  .   (helmet restricted)
rElec   .          Harm     .   (no cloak)
rCorr   .          Rampage  .   (no gloves)
Will    .....                   (no boots)
Stlth   ..........              (no amulet)
HPRegen 0.15/turn               (no ring)
MPRegen 0.09/turn               (no ring)

@: grasped by roots, constricted
A: horns 2, retaliatory headbutt
a: no special abilities


You were on level 3 of the Dungeon.
You visited 1 branch of the dungeon, and saw 3 of its levels.

You collected 156 gold pieces.

Inventory:

Hand Weapons
 a - a +1 long sword (weapon)
Missiles
 i - a throwing net (quivered)
Armour
 b - a +0 scale mail
 c - a +0 chain mail (worn)
 d - a +0 buckler (worn)
Scrolls
 k - a scroll of identify
Potions
 e - a potion of cancellation {unknown}
 f - 2 potions of mutation
 g - a potion of might
 h - 2 potions of brilliance


   Skills:
 + Level 4.8 Fighting
 + Level 4.3 Long Blades
 + Level 4.5 Armour
 + Level 1.2 Dodging
 + Level 4.4 Shields


You had 4 spell levels left.
You didn't know any spells.
Your spell library contained the following spells:

 Spells                   Type           Power      Damage    Failure   Level
 Necrotise                Necr           0%         1d4       100%        1
 Tukima's Dance           Hex            0%         N/A       100%        3
 Vampiric Draining        Necr           0%         2d6       100%        3
 Passage of Golubria      Tloc           0%         N/A       100%        4
 Agony                    Necr           0%         N/A       100%        5
 Yara's Violent Unravell  Hex/Tmut       0%         3d3       100%        5


Dungeon Overview and Level Annotations

Branches:
Dungeon (3/15)

Altars:
Dithmenos

Shops:
D:1 (   D:2 [

Annotations:
D:3 Ijyb


Innate Abilities, Weirdness & Mutations

You have a pair of horns on your head.
You reflexively headbutt those who attack you in melee.


Message History

Ijyb is lightly wounded.
Ijyb zaps a wand.
The roots erupt in riotous growth!
The grasping roots grab you!
Ijyb is unaffected.
The grasping roots constrict you.
You barely miss Ijyb.
Ijyb is lightly wounded.
Ijyb hits you with a +0 club. The grasping roots constrict you!
You block Ijyb's attack. The grasping roots constrict you.
The grasping roots release their grip on you.
You closely miss Ijyb. You headbutt Ijyb!
Ijyb is heavily wounded.
Ijyb zaps a wand.
The roots erupt in riotous growth!
The grasping roots grab you!
Ijyb is unaffected.
The grasping roots constrict you.
You hit Ijyb but do no damage.
Ijyb is heavily wounded.
Ijyb hits you with a +0 club. The grasping roots constrict you.
You slash Ijyb!
Ijyb is severely wounded.
Ijyb hits you but does no damage. The grasping roots constrict you.
* * * LOW HITPOINT WARNING * * *
The grasping roots release their grip on you.
You barely miss Ijyb. Your headbutt misses Ijyb.
Ijyb is severely wounded.
Ijyb zaps a wand.
The roots erupt in riotous growth!
The grasping roots grab you!
Ijyb is unaffected.
The now-empty wand crumbles to dust.
The grasping roots constrict you.
* * * LOW HITPOINT WARNING * * *
You feel better. Ijyb hits you but does no damage.
The grasping roots constrict you.
* * * LOW HITPOINT WARNING * * *
You hit Ijyb but do no damage. Your headbutt misses Ijyb.
Ijyb is severely wounded.
Ijyb hits you but does no damage. The grasping roots constrict you.
* * * LOW HITPOINT WARNING * * *
Ijyb hits you with a +0 club.
* * * LOW HITPOINT WARNING * * *
The grasping roots constrict you.
You die...

#.# ###########.####.# #.#
#.......#........# #.#
#.#####.#.#...#..# #.#
#.....#.#.#......#
#.###########.#.#.#.####.#
#.#.... #.#.#.#......#
###.##.########.#.#.######.#
#.............#.#.#.........
######.#.?.@g.#.#.########.#
#.#.####.#.#.##.......#
#.#.# ###.#.##.......# #.#.#
#>..#..........# #.#.#
##.###.##......##
#.#.###......##......#
#.#..........#########
#.#####......#
#....(.......#


You could see Ijyb.

Vanquished Creatures
  An orc priest (D:3)
  Jessica (D:3)
  An orc wizard (D:3)
  3 adders
  A dart slug (D:2)
  3 orcs (D:3)
  4 bats
  5 endoplasms
  7 giant cockroaches
  8 goblins
  6 hobgoblins
  2 quokkas
  3 ball pythons
  6 frilled lizards
  8 kobolds (D:1)
  3 rats
62 creatures vanquished.

Notes
Turn   | Place    | Note
-------+----------+-------------------------------------------
     0 | D:1      | Peloso the Minotaur Fighter began the quest for the Orb.
     0 | D:1      | Reached XP level 1. HP: 19/19 MP: 0/0
    43 | D:1      | Reached XP level 2. HP: 13/27 MP: 1/1
   564 | D:1      | Reached XP level 3. HP: 33/33 MP: 2/2
   573 | D:1      | Found Votikit's Antique Weapon Shop.
  1064 | D:2      | Found a faded altar of an unknown god.
  1114 | D:2      | Found Houclixete's Antique Armour Boutique.
  1512 | D:2      | Found a shadowy altar of Dithmenos.
  1748 | D:3      | Reached XP level 4. HP: 40/40 MP: 3/3
  1993 | D:3      | Reached skill level 1 in Dodging
  2274 | D:3      | Noticed Jessica
  2277 | D:3      | Killed Jessica
  2302 | D:3      | Reached XP level 5. HP: 17/47 MP: 4/4
  2749 | D:3      | Noticed Ijyb
  2759 | D:3      | Constricted to death by Ijyb

Illustrated notes

Levels and vault maps discovered:
D:1:      eino_arrival_tree_alley, layout_basic, serial_glass, glass_columns_b,
          glass_columns_b, glass_columns_a, serial_shops, shop
D:2:      layout_basic, chequers_ecumenical_altar_twisty, serial_shops,
          nicolae_shop_crystal, basic_altar, st_stairs_3, minmay_misc_feat_rows
D:3:      layout_basic, gup_sewer_entry_spiral, uniq_ijyb,
          uniq_crazy_yiuf_cottage, uniq_jessica

Skill      XL: |  1  2  3  4 |
---------------+-------------+-----
Shields        | 4 |  4.4
Fighting       | 4 |  4.8
Armour         | 4 |  4.5
Long Blades    | 3 4 |  4.3
Dodging        | 1 |  1.2

Action                   |  1- 3 |  4- 6 || total
-------------------------+-------+-------++-------
Melee: Long sword        |    95 |    60 ||   155
       Headbutt          |    12 |     6 ||    18
  Use: Scroll            |     3 |     1 ||     4
       Potion            |     2 |     2 ||     4
Armor: Scale mail        |    62 |     9 ||    71
       Chain mail        |       |    26 ||    26
Dodge: Dodged            |    62 |    18 ||    80
Block: Buckler           |    26 |    14 ||    40
